 Dungeon Crawl Stone Soup version 0.19.1 (webtiles) character file.

90 Melicamp the Ruffian (level 4, -8/38 HPs)
             Began as a Naga Transmuter on Dec 1, 2016.
             Mangled by a gnoll
             ... wielding a +0 spear
              (10 damage)
             ... on level 2 of the Dungeon.
             The game lasted 00:05:51 (2207 turns).

Melicamp the Ruffian (Naga Transmuter)              Turns: 2207, Time: 00:06:08

Health: -8/38      AC:  2    Str: 13    XL:     4   Next: 56%
Magic:  5/7        EV: 10    Int: 13    God:
Gold:   79         SH:  0    Dex: 12    Spells: 2 memorised, 4 levels left

rFire  . . .     SeeInvis +       - Unarmed
rCold  . . .     Gourm    .     b - +0 robe
rNeg   . . .     Faith    .     (no shield)
rPois  +         Spirit   .     (no helmet)
rElec  .         Reflect  .     (no cloak)
rCorr  .         Harm     .     (no gloves)
MR     .....                    (no barding)
Stlth  +.........               (no amulet)
                                (no ring)
                                g - ring of wizardry

@: appendage (expiring), very slow
A: horns 2, see invisible, deformed body, poison resistance, slowness 2, slow
metabolism 1, spit poison 1, AC +1
a: Spit Poison, End Transformation


You were on level 2 of the Dungeon.
You were not hungry.
You had grown temporary horns.
You visited 1 branch of the dungeon, and saw 3 of its levels.

You collected 79 gold pieces.

Inventory:

Missiles
 a - 10 arrows (quivered)
Armour
 b - a +0 robe (worn)
Jewellery
 g - a ring of wizardry (left hand)
Books
 c - a book of Changes

   Spells                             Type                      Level
   a - Beastly Appendage              Transmutation                1
   b - Sticks to Snakes               Transmutation                2
   c - Spider Form                    Transmutation/Poison         3
   d - Ice Form                       Ice/Transmutation            4
   e - Blade Hands                    Transmutation                5
Comestibles
 d - 2 bread rations
 f - 2 fruits
 h - 2 chunks of flesh


   Skills:
 - Level 1.0 Fighting
 - Level 1.5 Dodging
 * Level 5.2 Unarmed Combat
 - Level 2.0 Spellcasting
 - Level 2.0 Transmutations


You had 4 spell levels left.
You knew the following spells:

 Your Spells              Type           Power        Failure   Level  Hunger
a - Beastly Appendage     Tmut           #.....       4%          1    ##.....
b - Sticks to Snakes      Tmut           #.......     7%          2    ###....


Dungeon Overview and Level Annotations

Branches:
Dungeon (3/15)

Altars:

Annotations:
D:2 Sigmund
D:3 mmcf's ghost, amateur DrTm


Innate Abilities, Weirdness & Mutations

You cannot wear boots.
Your serpentine skin is tough. (AC +1)
You have supernaturally acute eyesight. (SInv)
Armour fits poorly on your strangely shaped body.
Your system is resistant to poisons. (rPois)
You cover ground very slowly.
You have a slow metabolism.
You can spit poison.
You have a pair of horns on your head.


Message History

You are too injured to fight recklessly!
You are too injured to fight recklessly!
You are too injured to fight recklessly!
You are too injured to fight recklessly!
You are too injured to fight recklessly!
Unknown command.
You hit the adder.
The adder is almost dead.
The adder barely misses you. The gnoll closely misses you. The adder bites you.
* * * LOW HITPOINT WARNING * * *
You miss the adder. Your headbutt misses the adder.
The adder is almost dead.
The gnoll closely misses you. The adder closely misses you.
You barely miss the adder.
You headbutt the adder, but do no damage.
The adder is almost dead.
The adder bites you.
* * * LOW HITPOINT WARNING * * *
The gnoll hits you with a spear!
You die...

##..............##..#
##(....#.....#....##
######...######...## #
##...#...# ##...#####
##.....##.### #.#......
#.......#.).# #.#......
#.......###.###.#.....#
#.....S.###.....#.....#
##....@g.....#.g.......
#.......####...........
#.......# ##..........
#.......# #.###...###
##.....## #.###.#..#
##...## #.#...#..##
#### ######.#.###...#
#..........###..
#..........#####


You could see a gnoll and an adder.

Vanquished Creatures
  3 adders (D:2)
  An ooze (D:2)
  5 dart slugs
  2 leopard geckos
  4 bats (D:1)
  3 giant cockroaches (D:1)
  6 hobgoblins
  A kobold (D:1)
  A quokka (D:2)
  6 frilled lizards
  8 goblins
  9 rats (D:1)
49 creatures vanquished.

Notes
Turn   | Place    | Note
-------+----------+-------------------------------------------
     0 | D:1      | Melicamp the Naga Transmuter began the quest for the Orb.
     0 | D:1      | Reached XP level 1. HP: 18/18 MP: 3/3
   110 | D:1      | Reached XP level 2. HP: 3/25 MP: 3/5
   806 | D:1      | Reached skill level 4 in Unarmed Combat
  1136 | D:1      | Reached XP level 3. HP: 22/31 MP: 4/6
  1845 | D:2      | Reached XP level 4. HP: 30/38 MP: 5/7
  1948 | D:2      | Learned a level 2 spell: Sticks to Snakes
  1953 | D:2      | Reached skill level 5 in Unarmed Combat
  2125 | D:2      | Noticed Sigmund
  2196 | D:3      | Noticed mmcf's ghost (amateur DrTm)
  2207 | D:2      | Mangled by a gnoll

Skill      XL: |  1  2  3  4 |
---------------+-------------+-----
Unarmed Combat | 4 5 |  5.2
Fighting       | |  1.0
Dodging        | |  1.5
Spellcasting   | |  2.0
Transmutations | |  2.0

Action                   |  1- 3 |  4- 6 || total
-------------------------+-------+-------++-------
Melee: Unarmed           |   141 |    25 ||   166
       Punch             |     2 |       ||     2
       Headbutt          |     8 |     3 ||    11
 Cast: Beastly Appendage |    16 |     7 ||    23
       Sticks to Snakes  |       |     2 ||     2
  Use: Scroll            |     4 |     1 ||     5
  Eat: Chunk             |     2 |     1 ||     3
Armor: Robe              |    15 |     7 ||    22
Dodge: Dodged            |    63 |    24 ||    87
